 Dungeon Crawl Stone Soup version 0.31.0-4-g52a2dc7128 (webtiles) character file.

Game seed: 18038711965951401391

182 Zdeegee the Magician (level 5, -4/34 HPs)
             Began as an Octopode Hedge Wizard on Jan 21, 2024.
             Slain by a bullfrog (8 damage)
             ... in a sewer.
             The game lasted 00:08:10 (2740 turns).

Zdeegee the Magician (Octopode Hedge Wizard)        Turns: 2740, Time: 00:08:11

Health: -4/34      AC:  1    Str:  9    XL:     5   Next: 62%
Magic:  4/11       EV: 13    Int: 19    God:
Gold:   97         SH:  0    Dex: 11    Spells: 5/12 levels left

rFire   . . .        l - +2 dagger (venom)
rCold   . . .        (no shield)
rNeg    . . .        b - +0 hat
rPois   .            (no amulet)
rElec   .            (no ring)
rCorr   .            (no ring)
SInv    .            (no ring)
Will    .....        (no ring)
Stlth   ++++         (no ring)
HPRegen 0.25/turn    (no ring)
MPRegen 0.12/turn    (no ring)
                     (no ring)

%: no passive effects
@: weak-willed, on blink cooldown
A: almost no armour, amphibious, 8 rings, camouflage 1, gelatinous body 1,
nimble swimmer 1, tentacles
a: no special abilities


You were in a sewer.
You visited 1 branch of the dungeon, and saw 3 of its levels.
You also visited: Sewer.

You collected 97 gold pieces.

Inventory:

Hand Weapons
 a - a +0 dagger
 g - a +1 dagger of venom
 l - a +2 dagger of venom (weapon)
Armour
 b - a +0 hat (worn)
Scrolls
 e - a scroll of silence {unknown}
 f - a scroll of amnesia {unknown}
 h - a scroll of acquirement {unknown}
 j - a scroll of fog {unknown}
 k - a scroll of poison {unknown}
 m - a scroll of enchant weapon {unknown}
Potions
 c - a potion of magic
 i - 2 potions of berserk rage
 n - 2 potions of heal wounds


   Skills:
 * Level 1.7 Fighting
 + Level 0.7 Short Blades
 * Level 2.4 Dodging
 + Level 3.3 Stealth
 * Level 4.1 Spellcasting
 * Level 1.8 Conjurations
 * Level 1.2 Hexes
 + Level 1.4 Summonings
 + Level 1.0 Translocations
 * Level 1.0 Air Magic


You had 5 spell levels left.
You knew the following spells:

 Your Spells              Type           Power      Damage    Failure   Level
a - Magic Dart            Conj           40%        1d5       6%          1
b - Call Imp              Summ           18%        N/A       12%         2
c - Blink                 Tloc           14%        N/A       14%         2
d - Jinxbite              Hex            16%        N/A       12%         2

Your spell library contained the following spells:

 Spells                   Type           Power      Damage    Failure   Level
 Slow                     Hex            32%        N/A       9%          1
 Cigotuvi's Dreadful Rot  Necr/Alch/Air  10%        N/A       19%         2
 Mephitic Cloud           Conj/Alch/Air  7%         N/A       28%         3
 Yara's Violent Unravell  Hex/Alch       3%         3d4       96%         5
 Enfeeble                 Hex            4%         N/A       100%        7


Dungeon Overview and Level Annotations

Branches:
Dungeon (3/15)              Sewer (1/1)

Altars:


Innate Abilities, Weirdness & Mutations

You cannot wear most types of armour.
You are amphibious.
You can wear up to eight rings at the same time.
Your skin changes colour to match your surroundings (Stealth+).
Your rubbery body absorbs attacks. (AC +1, EV +1)
You are camouflaged when in or above water. (Stealth+)
You have tentacles for arms and can constrict up to eight enemies at once.


Message History

The dart slug is severely wounded.
The jinxing sprites lose interest in you.
You constrict the dart slug.
You kill the dart slug!
The bullfrog hits you!
Your cerulean imp hits the bullfrog with a -4 spear.
The bullfrog hits you!
Your cerulean imp hits the bullfrog with a -4 spear.
The bullfrog hits your cerulean imp. The bullfrog closely misses you.
The bullfrog completely misses your cerulean imp.
The bullfrog attacks as it pursues you!
The bullfrog hits you but does no damage.
Your cerulean imp closely misses the bullfrog.
The bullfrog misses you. The dart slug launches a dart at you.
The slug dart misses you. The bullfrog hits you.
You hit the bullfrog.
The bullfrog is poisoned.
You grab the bullfrog.
The bullfrog is moderately wounded.
You constrict the bullfrog.
Your cerulean imp hits the bullfrog from afar with a -4 spear.
The bullfrog barely misses you. The bullfrog hits you!
Casting: Call Imp (safe; 12% risk of failure)
Confirm with . or Enter, or press ? or * to list all spells.
You blink.
You lose your grip on the bullfrog.
Floosh!
Your cerulean imp hits the bullfrog from afar with a -4 spear.
Casting: Blink (safe; 14% risk of failure)
Confirm with . or Enter, or press ? or * to list all spells.
Okay, then.
Casting: Blink (safe; 14% risk of failure)
Confirm with . or Enter, or press ? or * to list all spells.
A tiny devil pulls itself out of the air.
Your cerulean imp disappears in a puff of smoke!
The bullfrog hits you!
* * * LOW HITPOINT WARNING * * *
The bullfrog closely misses you.
The bullfrog snags a nearby baby bat with its tongue.
The bullfrog hits you!
You die...

###################
#..†......~~~.~~~..
#.~~~~~~~~~~~~~~~~~~
#.~≈≈≈≈≈≈≈≈≈≈≈≈≈≈≈≈≈~
#~~~≈~≈≈≈≈≈~~~~~~~~≈≈
#~~~~.~≈≈≈≈≈~~†~..~~≈
#~########†≈5≈~~~~.~≈
#.# ##≈≈~≈≈≈≈≈≈.~≈
#~# #≈≈≈@†≈≈≈≈≈~~≈~.#
#~#
##≈~≈FF~≈≈≈≈~≈≈~.#
#~#
#≈≈~~~≈≈~≈≈≈~≈≈~.#
#~#
#≈†∩.~~≈.~≈≈~≈≈~.#
#~#
##≈≈~.~..~~≈~≈~≈~.#
#.#
#≈≈≈≈~..~~.≈~≈~≈~.#
#.#
#≈≈≈≈≈.~.§~≈≈~≈≈~.#
### #.#
#≈≈≈≈≈)$~.≈≈≈≈§≈~.#
#.# #.#
#≈≈≈≈.$$?~≈≈≈~~≈~.#
#∩#


You could see 2 bullfrogs and a friendly cerulean imp (summoned).

Vanquished Creatures
  11 adders
  7 dart slugs
  An orc (D:3)
  3 endoplasms
  8 giant cockroaches
  5 goblins
  5 hobgoblins
  3 jackals (D:1)
  2 quokkas (D:1)
  11 ball pythons
  3 bats
  8 frilled lizards
  4 kobolds
  3 rats
74 creatures vanquished.

Notes
Turn   | Place    | Note
-------+----------+-------------------------------------------
     0 | D:1      | Zdeegee the Octopode Hedge Wizard began the quest for the
                  | Orb.
     0 | D:1      | Reached XP level 1. HP: 11/11 MP: 4/4
   276 | D:1      | Reached XP level 2. HP: 18/18 MP: 3/6
   279 | D:1      | Learned a level 2 spell: Call Imp
   371 | D:1      | Reached skill level 1 in Fighting
   442 | D:1      | Learned a level 2 spell: Blink
   754 | D:1      | Reached XP level 3. HP: 19/23 MP: 0/7
  1896 | D:2      | Learned a level 2 spell: Jinxbite
  2190 | D:3      | Reached skill level 1 in Hexes
  2264 | D:3      | Reached XP level 4. HP: 28/28 MP: 9/9
  2375 | D:3      | Found a glowing drain.
  2431 | D:3      | Reached XP level 5. HP: 22/33 MP: 10/10
  2476 | Sewer    | Entered a sewer
  2489 | Sewer    | Reached skill level 4 in Spellcasting
  2575 | Sewer    | Reached skill level 1 in Air Magic
  2740 | Sewer    | Slain by a bullfrog

Illustrated notes

Levels and vault maps discovered:
D:1:      roadster_arrival_rocket_small, layout_basic, grunt_decor_one_mirror,
          grunt_decor_junction
D:2:      layout_loops_ring, minmay_misc_feat_x, kennysheep_generic_room_8
D:3:      layout_basic, hellmonk_ecumenical_altar_pennies_from_heaven,
          gup_sewer_entry_glass, chequers_serial_rivers_large_a,
          dreamdust_princess_bridge
Sewer:    sewer_frog_island_01

Skill      XL: |  1  2  3  4  5 |
---------------+----------------+-----
Fighting       | 1 |  1.7
Hexes          | 1 |  1.2
Stealth        | 3 |  3.3
Spellcasting   | 4 |  4.1
Air Magic      | 1 |  1.0
Short Blades   | |  0.7
Dodging        | |  2.4
Conjurations   | |  1.8
Summonings     | |  1.4
Translocations | |  1.0

Action                     |  1- 3 |  4- 6 || total
---------------------------+-------+-------++-------
  Melee: Dagger            |    47 |    60 ||   107
         Tentacles         |    12 |    20 ||    32
         Constrict         |    10 |    21 ||    31
   Cast: Magic Dart        |    65 |     8 ||    73
         Call Imp          |     2 |     5 ||     7
         Jinxbite          |     2 |     2 ||     4
         Blink             |       |     1 ||     1
    Use: Scroll            |     1 |     1 ||     2
   Stab: Sleeping          |     1 |     4 ||     5
 Armour: Skin              |    25 |    40 ||    65
  Dodge: Dodged            |    35 |    57 ||    92
